AoeStats
← _vishi_

African Clearing

504518949Analyzed
4v4 RM · 27d ago on Sep 5, 2026· 41m 12s· 8 players
Game mode
Random Map
Map size
Large (8 player)
Population
200
Speed
Normal
Resources
Standard
Victory
Conquest
Starting age
Dark Age
Ending age
Imperial Age
RankedLock teamsTeams togetherTeam positionsShared explorationLock speedFull tech treeHidden civsTurbo modeCheats
Victory
Defeat
🇺🇸 Saracens · United States
1436
+16
🇮🇳 Hindustanis · India
1431
+16
🇲🇽 Inca · Mexico
1417
+16
🇺🇸 Magyars · United States
1397
+17
🇦🇷 Armenians · Argentina
1482
-18
🇦🇷 Poles · Argentina
1476
-18
🇦🇷 Bulgarians · Argentina
1385
-15
🇦🇷 Bengalis · Argentina
1372
-14
RattleSmox
6:57 Loom
12:03 Feudal Age
12:35 Double-Bit Axe
13:29 Wheelbarrow
15:08 Horse Collar
21:20 Castle Age
19:34 Bloodlines
19:19 Gold Mining
20:18 Fletching
21:07 Town Watch
22:46 Bow Saw
23:19 Husbandry
23:16 Bodkin Arrow
24:36 Wheelbarrow
26:38 Padded Archer Armor
29:11 Leather Archer Armor
30:47 Heavy Plow
32:36 Hand Cart
32:57 Scale Barding Armor
32:47 Stone Mining
34:03 Chain Barding Armor
34:17 Thumb Ring
34:54 Masonry
35:57 Light Cavalry
37:14 Ballistics
41:38 Imperial Age
Lord Yarik
9:12 Loom
11:14 Feudal Age
10:42 Loom
12:05 Double-Bit Axe
13:41 Horse Collar
16:05 Fletching
18:37 Town Watch
23:34 Castle Age
23:39 Elite Skirmisher
23:43 Crossbowman
24:42 Bodkin Arrow
29:02 Bow Saw
29:17 Elite Skirmisher
30:09 Padded Archer Armor
AperolSpritz
3:51 Loom
12:57 Feudal Age
17:32 Castle Age
15:24 Double-Bit Axe
15:25 Horse Collar
19:02 Bow Saw
18:57 Heavy Plow
23:34 Scale Barding Armor
25:46 Bloodlines
25:54 Forging
27:17 Chain Barding Armor
27:49 Husbandry
29:43 Wheelbarrow
28:53 Town Watch
30:42 Stone Mining
31:42 Iron Casting
33:25 Hand Cart
34:34 Fletching
34:46 Padded Archer Armor
38:18 Imperial Age
35:34 Crossbowman
36:28 Bodkin Arrow
37:23 Gold Mining
38:22 Leather Archer Armor
38:14 Thumb Ring
38:33 Ballistics
38:44 Arbalester
40:41 Bracer
41:07 Town Patrol
42:10 Conscription
_vishi_
6:12 Loom
13:25 Feudal Age
17:11 Castle Age
15:03 Double-Bit Axe
17:29 Wheelbarrow
18:17 Bow Saw
18:08 Horse Collar
20:34 Hand Cart
24:34 Heavy Plow
31:12 Imperial Age
29:51 Scale Barding Armor
30:43 Bloodlines
30:35 Husbandry
30:59 Forging
31:38 Chain Barding Armor
31:15 Heavy Camel Rider
32:33 Iron Casting
33:15 Imperial Camel Rider
34:09 Gold Mining
34:09 Stone Mining
36:24 Blast Furnace
37:29 Plate Barding Armor
38:53 Grand Trunk Road
39:14 Conscription
41:26 Two-Man Saw
42:27 Stone Shaft Mining
ZiPPo
11:25 Loom
14:26 Feudal Age
18:25 Castle Age
18:03 Stone Mining
18:26 Double-Bit Axe
19:48 Horse Collar
22:26 Heavy Plow
22:40 Bow Saw
24:34 Szlachta Privileges
25:38 Forging
26:34 Scale Barding Armor
29:42 Iron Casting
30:55 Gold Mining
31:32 Chain Barding Armor
31:49 Husbandry
33:24 Bloodlines
34:26 Fletching
39:31 Imperial Age
Leonardo il Lombardo
11:14 Loom
13:12 Feudal Age
19:10 Castle Age
17:45 Fletching
21:23 Double-Bit Axe
28:41 Bodkin Arrow
37:19 Padded Archer Armor
38:21 Leather Archer Armor
Maradonagro
5:21 Loom
13:17 Feudal Age
17:54 Castle Age
18:14 Double-Bit Axe
18:25 Town Watch
21:53 Fletching
27:09 Bodkin Arrow
28:03 Fishing Lines
29:17 Bow Saw
29:25 Padded Archer Armor
30:26 Ballistics
33:02 Wheelbarrow
34:27 Gillnets
34:40 Horse Collar
35:28 Leather Archer Armor
36:20 Heavy Plow
39:42 Imperial Age
38:32 Gold Mining
38:33 Stone Mining
40:11 Gold Shaft Mining
40:28 Bracer
41:34 Chemistry
Lucio Aurelio Cómodo
10:28 Loom
10:38 Loom
13:03 Feudal Age
17:11 Castle Age
15:12 Double-Bit Axe
15:36 Horse Collar
16:15 Scale Barding Armor
17:19 Bloodlines
23:38 Chain Barding Armor
24:48 Bow Saw
27:27 Forging
31:45 Fletching
34:59 Gold Mining
35:39 Squires
36:02 Town Watch
36:55 Wheelbarrow
Connection lost

Rejoining the realm…

Still unreachable

The connection could not be restored.

Session expired

The server has moved on; the page needs a fresh start.